 Dungeon Crawl Stone Soup version 0.30.0-15-g856e2d3f33 (webtiles) character file.

Game seed: 8019146859536357783

1141 qw the Cleaver (level 8, -4/49 HPs)
             Began as a Gargoyle Fighter on May 19, 2023.
             Slain by a white imp (5 damage)
             ... on level 6 of the Dungeon.
             The game lasted 00:01:58 (4023 turns).

qw the Cleaver (Gargoyle Fighter)                   Turns: 4023, Time: 00:01:59

Health: -4/49      AC: 16    Str: 22    XL:     8   Next: 37%
Magic:  8/8        EV:  8    Int: 11    God:
Gold:   313        SH:  4    Dex:  9    Spells: 7/7 levels left

rFire   . . .        Y - +1 war axe
rCold   . . .        c - +0 buckler
rNeg    + . .        i - +0 chain mail
rPois   inf          (no helmet)
rElec   +            (no cloak)
rCorr   .            g - +1 pair of gloves of Music {rElec Int+2}
SInv    .            (no boots)
Will    .....        (no amulet) Stlth
                     (no ring)
HPRegen 0.28/turn    (no ring)
MPRegen 0.11/turn

%: no passive effects
@: lit by a corona, glowing
A: sickness immunity, AC +5, negative energy resistance 1, electricity
resistance, torment resistance 1, petrification resistance
a: no special abilities


You were on level 6 of the Dungeon.
You visited 1 branch of the dungeon, and saw 6 of its levels.

You collected 313 gold pieces.


Innate Abilities, Weirdness & Mutations

You are immune to sickness and miasma.
Your stone body is resilient. (AC +5)
You are immune to poison.
You resist negative energy. (rN+)
You are resistant to electric shocks. (rElec)
You are resistant to unholy torment.
You are immune to petrification.


   Skills:
 + Level 5.2 Fighting
 - Level 8.1 Axes
 - Level 3.2 Armour
 - Level 1.3 Dodging
 - Level 3.2 Shields


You had 7 spell levels left.
You didn't know any spells.
Your spell library was empty.

Inventory:

Hand Weapons
 l - the +7 mace of a sewer {speed, Stlth+}
   (You found it on level 2 of the Dungeon)

   Stlth:     It makes you more stealthy.
 Y - a +1 war axe (weapon)
Armour
 c - a +0 buckler (worn)
 g - the +1 pair of gloves of Music (worn) {rElec Int+2}
   (You found it on level 3 of the Dungeon)

   Int:       It affects your intelligence (+2).
   rElec:     It insulates you from electricity.
 i - a +0 chain mail (worn)
Wands
 b - a wand of digging (4)
Scrolls
 a - a scroll of identify
Potions
 d - 2 potions of might
 e - a potion of degeneration {unknown}
 f - a potion of lignification {unknown}
 h - a potion of attraction {unknown}
 j - a potion of haste {unknown}
 k - a potion of magic {unknown}
 p - 2 potions of curing

Dungeon Overview and Level Annotations

Branches:
Dungeon (6/15)
 Temple: D:4-7

Altars:
Ashenzari
Elyvilon
Hepliaklqana
Wu Jian
Xom
The Shining One

Annotations:
D:6 Dowan, Duvessa


Message History

The white imp gestures at you. The puff of frost hits you.
You block Dowan's attack.
You slash the white imp!
You kill the white imp!
You miss Dowan. You hit Duvessa but do no damage.
You hit the white imp but do no damage. Duvessa barely misses you.
Dowan gestures wildly while chanting.
Dowan blinks!
The white imp completely misses you.
You barely miss Duvessa.
Duvessa is moderately wounded.
You hit the white imp but do no damage. Duvessa hits you with a +0 rapier.
You block the white imp's attack.
You hit Duvessa but do no damage.
Duvessa is moderately wounded.
You closely miss the white imp. Duvessa hits you but does no damage.
Dowan says, "Where the sword fails, magic succeeds!"
The white imp hits you but does no damage.
You hit Duvessa but do no damage.
Duvessa is moderately wounded.
You barely miss the white imp. Duvessa hits you but does no damage.
The white imp hits you but does no damage.
Dowan points at you and mumbles some strange words.
You block the puff of flame.
You slash Duvessa!
Duvessa is heavily wounded.
You closely miss the white imp. Duvessa hits you with a +0 rapier.
The white imp gestures at you. The puff of frost hits you.
Dowan casts a spell at Duvessa.
Duvessa seems to speed up.
You hit Duvessa.
Duvessa is severely wounded.
You barely miss the white imp. Duvessa hits you with a +0 rapier.
The white imp hits you. The white imp freezes you.
You die...

... .##..
...<###### .....
..#.............
........#......
#.............
#......#......
#....%e.......
#.....@....###
#...()#5.....#
#...e#<#.....#
........#...#..#
........ h..# ..
...#.... ...# .
...####. .....
.. #. ..#### #.
..#


You could see Duvessa (fast), Dowan and a white imp.

Vanquished Creatures
  2 black bears
  An ice beast (D:5)
  7 scorpions
  A howler monkey (D:5)
  5 hounds
  An orc wizard (D:4)
  3 iguanas
  2 adders
  4 gnolls (D:3)
  A white imp (D:6)
  A worm (D:3)
  2 dart slugs
  8 orcs
  A bat (D:1)
  7 endoplasms
  5 giant cockroaches
  7 goblins
  10 hobgoblins
  6 kobolds
  5 quokkas
  A ball python (D:2)
  3 frilled lizards
  6 rats
89 creatures vanquished.

Notes
Turn   | Place    | Note
-------+----------+-------------------------------------------
     0 | D:1      | qw the Gargoyle Fighter began the quest for the Orb.
     0 | D:1      | Reached XP level 1. HP: 14/14 MP: 1/1
     0 | D:1      | 0 ||| qw: Version: 0.2-a-96-g8eb1148
     0 | D:1      | 0 ||| qw: Game counter: 8
     0 | D:1      | 0 ||| qw: Always use a shield: true
     0 | D:1      | 0 ||| qw: God list: Okawaru
     0 | D:1      | 0 ||| qw: Allow faded altars: false
     0 | D:1      | 0 ||| qw: Do Orc after D:15 true
     0 | D:1      | 0 ||| qw: Do second Lair branch before Depths: true
     0 | D:1      | 0 ||| qw: Lair rune preference: random
     0 | D:1      | 0 ||| qw: Plans: Normal, Zot:1-4, God:TSO, Crypt, Tomb,
                  | Pan, Slime:5, Hells, Abyss, Win
     0 | D:1      | 0 ||| PLANNING D:1-11
    73 | D:1      | Reached skill level 2 in Axes
   215 | D:1      | Reached XP level 2. HP: 19/19 MP: 2/2
   310 | D:1      | 310 ||| Stepping ~*~*~tactically~*~*~ (stealth).
   404 | D:1      | 404 ||| READING scroll labelled LAUVUTAINU.
   405 | D:1      | 405 ||| READING scroll labelled ECADGHEANAI.
   572 | D:1      | Reached skill level 3 in Axes
   700 | D:2      | Reached XP level 3. HP: 23/23 MP: 3/3
   877 | D:2      | 877 ||| Stepping ~*~*~tactically~*~*~ (hiding).
  1102 | D:2      | Found a faded altar of an unknown god.
  1167 | D:2      | Identified the +7 mace of a sewer {speed, Stlth+}
  1169 | D:2      | 1169 ||| DROPPING +0 club.
  1341 | D:2      | 1341 ||| UPGRADING to +0 chain mail.
  1351 | D:2      | 1351 ||| DROPPING +0 scale mail.
  1352 | D:2      | 1352 ||| UPGRADING to +0 pair of gloves.
  1357 | D:2      | 1357 ||| READING 2 scrolls labelled LUAROL ZYEQOID.
  1358 | D:2      | 1358 ||| READING scroll labelled OSTORA BEPYIZ.
  1359 | D:2      | 1359 ||| DRINKING 2 orange potions.
  1360 | D:2      | 1360 ||| DROPPING scroll of immolation.
  1538 | D:3      | 1538 ||| Stepping ~*~*~tactically~*~*~ (stealth).
  1541 | D:3      | 1541 ||| Stepping ~*~*~tactically~*~*~ (stealth).
  1583 | D:3      | Identified the +1 pair of gloves of Music {rElec Int+2}
  1709 | D:3      | Noticed a scorpion
  1711 | D:3      | Reached XP level 4. HP: 28/28 MP: 4/4
  1716 | D:3      | Killed a scorpion
  1717 | D:3      | Reached skill level 4 in Axes
  1717 | D:3      | Reached XP level 5. HP: 25/32 MP: 5/5
  1756 | D:3      | HP: 6/32 [gnoll/+0 flail of protection (4)]
  1757 | D:3      | 1757 ||| DRINKING potion of heal wounds.
  1760 | D:3      | Reached skill level 5 in Axes
  2318 | D:3      | 2318 ||| UPGRADING to +1 pair of gloves of Music {rElec
                  | Int+2}.
  2328 | D:3      | 2328 ||| DROPPING +0 pair of gloves.
  2329 | D:3      | 2329 ||| READING 2 scrolls of identify.
  2329 | D:3      | 2329 ||| IDENTIFYING smoky pink potion
  2330 | D:3      | 2330 ||| DROPPING potion of invisibility.
  2355 | D:4      | Reached XP level 6. HP: 38/39 MP: 6/6
  2406 | D:4      | Found a shimmering altar of Xom.
  2478 | D:4      | 2478 ||| Stepping ~*~*~tactically~*~*~ (stealth).
  2480 | D:4      | 2480 ||| Stepping ~*~*~tactically~*~*~ (hiding).
  2684 | D:4      | 2684 ||| Stepping ~*~*~tactically~*~*~ (stealth).
  2964 | D:4      | 2964 ||| READING scroll labelled JARURY SICUFRI.
  2965 | D:4      | 2965 ||| READING scroll labelled WEOFFY IDDU.
  2970 | D:4      | 2970 ||| READING scroll labelled PIYMOM SODEKHLU.
  2971 | D:4      | 2971 ||| READING scroll labelled IRIUBLESIST.
  2972 | D:4      | 2972 ||| READING scroll labelled COBAOG TEUC.
  2973 | D:4      | 2973 ||| READING 2 scrolls labelled MOPHES CEUNA.
  2974 | D:4      | 2974 ||| DRINKING 2 bubbling black potions.
  2975 | D:4      | 2975 ||| DROPPING scroll of fear.
  2998 | D:5      | Entered Level 5 of the Dungeon
  3157 | D:5      | Found a glowing golden altar of the Shining One.
  3162 | D:5      | Found a hazy altar of Hepliaklqana.
  3162 | D:5      | Found an ornate altar of the Wu Jian Council.
  3170 | D:5      | Reached skill level 6 in Axes
  3182 | D:5      | Found a broken altar of Ashenzari.
  3183 | D:5      | Found a white marble altar of Elyvilon.
  3244 | D:5      | Reached XP level 7. HP: 43/44 MP: 7/7
  3262 | D:5      | Reached skill level 1 in Dodging
  3306 | D:5      | 3306 ||| Stepping ~*~*~tactically~*~*~ (stealth).
  3323 | D:5      | 3323 ||| Stepping ~*~*~tactically~*~*~ (stealth).
  3330 | D:5      | Reached skill level 7 in Axes
  3493 | D:5      | 3493 ||| Stepping ~*~*~tactically~*~*~ (stealth).
  3668 | D:5      | Reached XP level 8. HP: 28/49 MP: 8/8
  4001 | D:6      | Noticed Duvessa
  4001 | D:6      | Noticed Dowan
  4017 | D:6      | Reached skill level 8 in Axes
  4022 | D:6      | HP: 9/49 [white imp/puff of frost (5)]
  4023 | D:6      | HP: 4/49 [Duvessa/+0 rapier (6)]
  4023 | D:6      | HP: 1/49 [white imp (3)]
  4023 | D:6      | Slain by a white imp

Levels and vault maps discovered:
D:1:      sevenhm_arrival_forest_fort_small_5, layout_rooms,
          hangedman_glass_teeth, grunt_decor_mini_mirrors
D:2:      layout_loops_ring, ebering_ecumenical_altar_hall
D:3:      layout_basic
D:4:      layout_cave_pools, xom_teletrap_fun
D:5:      layout_loops_corners, grunt_temple_overflow_open,
          kennysheep_small_spiral
D:6:      layout_basic, minmay_temple_entry_tees, corexii_shack, st_stairs_14,
          kennysheep_generic_room_16, uniq_duvessa, uniq_blork_the_orc

Skill      XL: |  1  2  3  4  5  6  7  8 |
---------------+-------------------------+-----
Axes           | 2 3 4 5 6 7 8 |  8.1
Fighting       | 4 5 |  5.2
Dodging        | 1 |  1.3
Armour         | |  3.2
Shields        | |  3.2

Action                     |  1- 3 |  4- 6 |  7- 9 || total
---------------------------+-------+-------+-------++-------
  Melee: War axe           |   100 |    92 |    66 ||   258
    Use: Scroll            |     4 |     7 |       ||    11
         Potion            |     1 |     2 |       ||     3
 Armour: Scale mail        |    29 |       |       ||    29
         Chain mail        |    11 |    62 |    80 ||   153
  Dodge: Dodged            |    35 |    39 |    42 ||   116
  Block: Buckler           |    16 |    13 |    23 ||    52

Table legend:
 A = Non-vault XP
 B = Vault XP
 C = Vault XP percentage of total XP
 D = Non-vault monster count
 E = Vault monster count
 F = Vault count percentage of total count
                 A         B        C        D         E       F
            +---------+---------+-------+---------+---------+-------
      Total |    1627 |       3 |   0.2 |      88 |       1 |   1.1
            +---------+---------+-------+---------+---------+-------
        D:1 |      30 |       0 |   0.0 |      17 |       0 |   0.0
        D:2 |      25 |       0 |   0.0 |      14 |       0 |   0.0
        D:3 |     192 |       0 |   0.0 |      24 |       0 |   0.0
        D:4 |     219 |       0 |   0.0 |      15 |       0 |   0.0
        D:5 |     840 |       0 |   0.0 |      12 |       0 |   0.0
        D:6 |     321 |       3 |   0.9 |       6 |       1 |  14.3
            +---------+---------+-------+---------+---------+-------
